 Dungeon Crawl Stone Soup version 0.20-a0-45-gb3e417c (webtiles) character file.

584 Kothophed the Chopper (level 7, 52/52 HPs)
             Began as a Demonspawn Fighter on Nov 12, 2016.
             Quit the game on level 4 of the Dungeon.
             The game lasted 00:05:49 (3896 turns).

Kothophed the Chopper (Demonspawn Fighter)          Turns: 3896, Time: 00:05:49

Health: 52/52      AC:  7    Str: 16    XL:     7   Next: 14%
Magic:  7/7        EV:  6    Int: 11    God:
Gold:   152        SH: 12    Dex: 13    Spells: 0 memorised, 6 levels left

rFire  . . .     SeeInvis .     a - +0 war axe
rCold  . . .     Gourm    .     b - +0 scale mail
rNeg   . . .     Faith    +     c - +0 shield
rPois  .         Spirit   .     (no helmet)
rElec  .         Reflect  .     w - +0 cloak
rCorr  .         Harm     .     (no gloves)
MR     .....                    (no boots)
Stlth  +.........               l - amulet of faith
                                (no ring)
                                (no ring)

@: no status effects
A: talons 2, large bone plates 1, nightstalker 1
a: no special abilities


You were on level 4 of the Dungeon.
You were not hungry.

You visited 1 branch of the dungeon, and saw 4 of its levels.

You collected 152 gold pieces.

Inventory:

Hand Weapons
 a - a +0 war axe (weapon)
Armour
 b - a +0 scale mail (worn)
 c - a +0 shield (worn)
 w - a +0 cloak (worn)
Jewellery
 l - an amulet of faith (around neck)
Wands
 d - a wand of digging (5/24)
 g - a wand of lightning (9/15)
 q - a wand of confusion (35/48)
Scrolls
 e - a scroll of enchant armour {unknown}
 h - 4 scrolls of teleportation
 i - 2 scrolls of magic mapping
 j - a scroll of fog {unknown}
 k - a scroll of fear {unknown}
 r - a scroll of identify {unknown}
 v - a scroll of remove curse
 x - a scroll of amnesia
 y - a scroll of immolation {unknown}
Potions
 m - a potion of flight {unknown}
 s - a potion of heal wounds
 t - a potion of haste {unknown}
 u - 2 potions of cancellation {unknown}
Comestibles
 f - 6 bread rations
 n - 3 meat rations
 o - 4 chunks of flesh
 p - 5 fruits


   Skills:
 - Level 3.1 Fighting
 + Level 7.0 Axes
 - Level 2.8 Armour
 - Level 2.9 Shields


You had 6 spell levels left.
You didn't know any spells.

Dungeon Overview and Level Annotations

Branches:
Dungeon (4/15)
 Temple: D:4-7

Altars:
Ashenzari
Cheibriados
Elyvilon
Kikubaaqudgha
Trog
Vehumet


Innate Abilities, Weirdness & Mutations

You have razor-sharp toenails.
You are partially covered in large bone plates. (SH +4)
You are slightly more attuned to the shadows.


Message History

The hound is heavily wounded.
The hound bites you. You block the hound's attack.
You closely miss the hound.
The hound is moderately wounded.
The hound bites you but does no damage. The hound closely misses you.
You hit the hound. Your kick misses the hound.
The hound is heavily wounded.
The hound completely misses you. You block the hound's attack.
You miss the hound.
The hound is heavily wounded.
You block the hound's attack.
You slash the hound!
You kill the hound!
Your Axes skill increases to level 7!
No target in view!
No target in view!
You start resting.
Some of the chunks of flesh in your inventory have rotted away. x2
HP restored.
Are you sure you want to abandon this character and quit the game? (Confirm with "yes".)

##.# ##.# .. ##.# #.
##.###.# #####
.......#####≈≈≈####
##.###..##≈≈≈≈≈≈≈≈ #
##.####.# ≈≈≈≈≈≈≈######...
........####≈≈≈###))......
.#.####.[))#####@.))...#
.#.# #...).......######
...# ##.###.....### ...#
#..# ####### ...# #.##
...# #.# [#># #.# .#.###.#
.#.##..#


There were no monsters in sight!

Vanquished Creatures
  The ghost of srifenbyxp the Skirmisher, an amateur DsCK of Xom (D:3)
  A big kobold (D:4)
  A howler monkey (D:4)
  A hound (D:4)
  Crazy Yiuf (D:3)
  An orc wizard (D:3)
  Jessica (D:3)
  Natasha (thrice) (D:2)
  3 gnolls
  2 howler monkey skeletons (D:4)
  5 adders
  A worm (D:3)
  3 dart slugs (D:2)
  A leopard gecko (D:3)
  10 orcs
  2 ball pythons
  5 giant cockroaches
  7 goblins
  11 hobgoblins
  13 jackals
  7 bats
  5 frilled lizards
  17 kobolds
  5 rats
107 creatures vanquished.

Notes
Turn   | Place    | Note
-------+----------+-------------------------------------------
     0 | D:1      | Kothophed the Demonspawn Fighter began the quest for the Orb.
     0 | D:1      | Reached XP level 1. HP: 18/18 MP: 1/1
   175 | D:1      | Found a shattered altar of Ashenzari.
   180 | D:1      | Reached skill level 2 in Axes
   215 | D:1      | Gained mutation: You are partially covered in large bone plates. (SH +4) [demonic ancestry]
   215 | D:1      | Reached XP level 2. HP: 23/24 MP: 2/2
   853 | D:2      | Reached XP level 3. HP: 29/29 MP: 3/3
   879 | D:2      | Reached skill level 3 in Axes
  1257 | D:2      | Gained mutation: You have sharp toenails. [demonic ancestry]
  1257 | D:2      | Reached XP level 4. HP: 29/35 MP: 4/4
  1475 | D:2      | Found a radiant altar of Vehumet.
  1546 | D:2      | Noticed Natasha
  1552 | D:2      | Killed Natasha
  1552 | D:2      | Reached skill level 4 in Axes
  1696 | D:2      | Found a bloodstained altar of Trog.
  1725 | D:2      | Noticed Natasha
  1737 | D:2      | HP: 1/35 [Natasha (3)]
  1740 | D:2      | Killed Natasha
  1740 | D:2      | Reached XP level 5. HP: 32/41 MP: 5/5
  1788 | D:2      | Noticed Natasha
  1795 | D:2      | Killed Natasha
  2001 | D:3      | Reached skill level 5 in Axes
  2294 | D:3      | Found a runed door.
  2788 | D:3      | Noticed Jessica
  2805 | D:3      | Killed Jessica
  2805 | D:3      | Gained mutation: You have razor-sharp toenails. [demonic ancestry]
  2805 | D:3      | Reached XP level 6. HP: 33/47 MP: 6/6
  2921 | D:3      | Noticed srifenbyxp's ghost (amateur DsCK)
  2944 | D:3      | Killed srifenbyxp's ghost
  2944 | D:3      | Reached skill level 6 in Axes
  2994 | D:3      | Found an ancient bone altar of Kikubaaqudgha.
  2994 | D:3      | Found a faded altar of an unknown god.
  3000 | D:3      | Found a snail-covered altar of Cheibriados.
  3010 | D:3      | Found a faded altar of an unknown god.
  3011 | D:3      | Found a white marble altar of Elyvilon.
  3131 | D:3      | Noticed Crazy Yiuf
  3405 | D:3      | Killed Crazy Yiuf
  3801 | D:4      | Gained mutation: You are slightly more attuned to the shadows. [demonic ancestry]
  3801 | D:4      | Reached XP level 7. HP: 41/52 MP: 7/7
  3812 | D:4      | Reached skill level 7 in Axes
  3896 | D:4      | Quit the game

Vault maps used:
D:1:      ncdulo_smallfort, roderic_serpentine_path, roderic_roman_lattice,
          nicolae_ashenzari_panopticon
D:2:      nicolae_overflow_crystal_walls, lemuel_doored_altar, first_bread,
          corexii_shack, uniq_natasha
D:3:      chequers_temple_overflow_minitemple, uniq_crazy_yiuf_cottage,
          uniq_jessica
D:4:      cheibrodos_thug_alley

Skill      XL: |  1  2  3  4  5  6  7 |
---------------+----------------------+-----
Axes           | 2 3 4 5 6 7 |  7.0
Fighting       | |  3.1
Armour         | |  2.8
Shields        | |  2.9

Action                   |  1- 3 |  4- 6 |  7- 9 || total
-------------------------+-------+-------+-------++-------
Melee: War axe           |   110 |   239 |     9 ||   358
       Kick              |       |    62 |     1 ||    63
Evoke: Wand              |       |     1 |       ||     1
  Use: Scroll            |       |     4 |       ||     4
       Potion            |       |     4 |       ||     4
  Eat: Chunk             |     1 |     9 |       ||    10
Armor: Scale mail        |    36 |    82 |     4 ||   122
Dodge: Dodged            |    28 |    57 |     2 ||    87
Block: Shield            |   100 |   169 |     6 ||   275
